Map: Hard Lead LE

Players

herO - Winner!

  • Race: Protoss Protoss
  • Spawn Location: 11:00

Rhizer

  • Race: Protoss Protoss
  • Spawn Location: 5:00

Event: ESL SC2 Masters 2023 Winter (Finals)

VOD

Have the link to the VOD?

Description

Time

  • Played on: Dec. 15, 2023, 9:31 a.m.
  • Length: 8:53

All games in this series

Show
View Real Time Build Order
Export as new Build Order

herO Protoss - Winner!

Build Orders: Oracle Opening 

Get SALT Encoding   

  12  0:00  Probe  
  13  0:12  Probe  
  14  0:17  Pylon  
  14  0:24  Probe (Chrono Boost)  
  16  0:36  Gateway, Probe (Chrono Boost)  
  16  0:43  Probe (Chrono Boost)  
  16  0:47  Assimilator  
  17  0:50  Probe  
  17  0:55  Assimilator  
  18  1:03  Probe (Chrono Boost)  
  19  1:07  Gateway  
  20  1:12  Probe (Chrono Boost)  
  20  1:17  Probe (Chrono Boost)  
  20  1:23  Cybernetics Core  
  21  1:29  Probe  
  22  1:35  Pylon  
  22  1:41  Probe  
  23  1:59  Warp Gate, Adept x2  
  27  2:05  Pylon  
  27  2:15  Stargate  
  27  2:29  Stalker x2  
  31  2:31  Probe  
  31  2:50  Pylon  
  31  2:56  Oracle (Chrono Boost)  
  34  3:09  Pylon  
  34  3:14  Nexus  
  34  3:19  Pylon  
  34  3:29  Oracle  
  34  3:33  Probe  
  36  3:45  Probe  
  37  3:52  Stalker  
  37  3:53  Stalker  
  41  3:57  Probe (Chrono Boost)  
  40  4:05  Robotics Facility  
  40  4:09  Probe (Chrono Boost)  
  42  4:17  Probe (Chrono Boost)  
  42  4:20  Shield Battery  
  42  4:23  Probe  
  42  4:26  Probe  
  44  4:33  Adept x2  
  44  4:38  Probe x2  
  50  4:50  Probe x2  
  50  4:52  Observer (Chrono Boost)  
  53  5:05  Probe x2, Immortal (Chrono Boost), Pylon  
  59  5:17  Stalker x2  
  59  5:20  Probe  
  62  5:23  Probe  
  61  5:34  Probe  
  61  5:35  Probe  
  63  5:38  Pylon  
  63  5:41  Sentry x2  
  67  5:47  Nexus  
  67  5:51  Pylon, Probe  
  67  5:52  Phoenix  
  67  5:53  Probe  
  67  5:56  Shield Battery  
  69  6:02  Assimilator  
  69  6:05  Immortal (Chrono Boost)  
  69  6:10  Probe x2  
  75  6:17  Pylon  
  75  6:22  Probe x2  
  75  6:24  Twilight Council  
  77  6:35  Probe x2  
  77  6:36  Shield Battery  
  77  6:37  Observer x2  
  77  6:38  Pylon  
  80  6:50  Adept  
  80  6:51  Adept  
  80  6:53  Gateway x2  
  84  6:56  Immortal (Chrono Boost)  
  84  7:00  Resonating Glaives (Chrono Boost)  
  88  7:13  Gateway  
  88  7:16  Gateway  
  88  7:17  Adept x2  
  92  7:25  Gateway  
  92  7:27  Pylon  
  92  7:29  Warp Prism (Chrono Boost)  
  94  7:38  Stalker x2  
  94  7:40  Probe  
  94  7:41  Probe x2  
  85  7:55  Immortal (Chrono Boost)  
  88  8:00  Adept x2  
  90  8:10  Stalker x2  
  90  8:11  Stalker  
  91  8:21  Adept  
  91  8:22  Adept x2  
  88  8:35  Adept  
  88  8:39  Adept x2  
  91  8:44  Adept  
Show
View Real Time Build Order
Export as new Build Order

Rhizer Protoss 

Build Orders:  

Get SALT Encoding   

  12  0:00  Probe  
  13  0:12  Probe  
  14  0:17  Pylon  
  14  0:24  Probe (Chrono Boost)  
  15  0:36  Probe (Chrono Boost)  
  15  0:38  Gateway  
  16  0:45  Probe (Chrono Boost)  
  16  0:46  Assimilator  
  17  0:51  Probe  
  17  0:54  Assimilator  
  18  1:03  Probe (Chrono Boost)  
  19  1:09  Gateway  
  19  1:15  Probe (Chrono Boost)  
  20  1:20  Probe (Chrono Boost)  
  21  1:25  Cybernetics Core  
  21  1:30  Probe  
  22  1:41  Pylon  
  22  1:43  Probe  
  23  1:59  Probe  
  24  2:02  Warp Gate (Chrono Boost)  
  24  2:04  Adept x2  
  28  2:14  Pylon  
  28  2:18  Probe  
  33  2:52  Nexus  
  33  2:56  Stalker x2  
  33  2:59  Shield Battery  
  32  3:11  Twilight Council  
  32  3:22  Shield Battery  
  32  3:27  Probe  
  32  3:35  Shield Battery  
  32  3:39  Probe  
  33  3:43  Stalker x2  
  33  3:46  Shield Battery  
  35  3:51  Probe  
  34  4:02  Blink  
  31  4:03  Probe (Chrono Boost)  
  31  4:06  Probe (Chrono Boost)  
  33  4:15  Probe (Chrono Boost)  
  33  4:16  Sentry x2  
  39  4:19  Probe (Chrono Boost)  
  39  4:23  Probe (Chrono Boost)  
  40  4:27  Probe (Chrono Boost)  
  41  4:31  Probe x2 (Chrono Boost)  
  41  4:41  Probe  
  41  4:42  Probe  
  41  4:43  Robotics Facility  
  43  4:48  Stalker  
  43  4:50  Stalker  
  47  4:53  Probe  
  47  4:55  Probe  
  49  5:00  Pylon  
  49  5:06  Probe  
  50  5:11  Probe  
  49  5:18  Probe  
  47  5:24  Probe (Chrono Boost)  
  47  5:30  Gateway, Probe (Chrono Boost)  
  47  5:31  Gateway  
  47  5:33  Gateway  
  47  5:34  Observer  
  50  5:36  Probe (Chrono Boost)  
  50  5:41  Probe (Chrono Boost)  
  51  5:43  Probe (Chrono Boost)  
  51  5:45  Probe (Chrono Boost)  
  51  5:49  Sentry  
  55  5:53  Probe  
  55  5:55  Immortal (Chrono Boost)  
  60  5:58  Pylon  
  60  6:01  Probe  
  61  6:07  Gateway, Probe  
  62  6:13  Pylon  
  62  6:19  Sentry  
  62  6:23  Sentry  
  62  6:24  Observer  
  66  6:26  Warp Prism (Chrono Boost)  
  66  6:27  Pylon  
  68  6:43  Stalker x4  
  76  6:54  Stalker  
  76  6:57  Pylon  
  76  6:58  Assimilator  
  78  7:04  Observer  
  78  7:05  Stalker  
  80  7:10  Probe x2  
  80  7:29  Zealot  
  82  7:30  Stalker x2  
  82  7:31  Zealot x3  
  80  7:50  Probe  
  79  7:52  Stalker x3  
  79  7:53  Zealot x2  
  87  8:14  Stalker x2  
  87  8:15  Zealot x2  
  91  8:23  Zealot  
  81  8:31  Probe  
  74  8:36  Stalker x2  
  74  8:37  Stalker x3  
Tags
 
Add a new tag
Caveats
  • Supply blocks, unpowered buildings, or Contaminate may cause inaccurate times.
  • Supply counts are checked every 10 seconds.